 Dungeon Crawl Stone Soup version 0.31.0-12-g77e489cdc1 (webtiles) character file.

Game seed: 10059699044751530335

306 Silvore the Slasher (level 6, 0/48 HPs)
             Began as a Demonspawn Fighter on Feb 14, 2024.
             Was a Follower of Okawaru.
             Succumbed to an orc wizard's poison
             ... on level 5 of the Dungeon.
             The game lasted 00:03:32 (3446 turns).

Silvore the Slasher (Demonspawn Fighter)            Turns: 3446, Time: 00:03:33

Health: 0/48       AC:  9    Str: 18    XL:     6   Next: 16%
Magic:  6/6        EV:  9    Int:  8    God:    Okawaru [*.....]
Gold:   176        SH:  5    Dex: 15    Spells: 5/5 levels left

rFire   . . .        p - +7 Throatcutter {drain, coup de grace}
rCold   + . .        c - +0 buckler
rNeg    . . .        b - +0 scale mail
rPois   .            (no helmet)
rElec   .            (no cloak)
rCorr   .            i - +1 pair of gloves
SInv    .            (no boots)
Will    .....        (no amulet)
Stlth   +            f - ring of protection from cold
HPRegen 0.28/turn    (no ring)
MPRegen 0.10/turn

%: no passive effects
@: lethally poisoned (0 -> -2)
A: thin skeletal structure 1, weakness stinger 1
a: Renounce Religion, Heroism


You were on level 5 of the Dungeon.
You worshipped Okawaru.
Okawaru was aware of your devotion.
You visited 2 branches of the dungeon, and saw 6 of its levels.

You collected 176 gold pieces.

Inventory:

Hand Weapons
 a - a +1 long sword
 p - the +7 Throatcutter (weapon) {drain, coup de grace}
   (You found it on level 4 of the Dungeon)
Armour
 b - a +0 scale mail (worn)
 c - a +0 buckler (worn)
 i - a +1 pair of gloves (worn)
Jewellery
 f - a ring of protection from cold (left hand)
 g - a ring of wizardry
Wands
 o - a wand of digging (3)
Scrolls
 k - a scroll of enchant armour
 s - a scroll of blinking
Potions
 d - a potion of haste
 e - a potion of heal wounds
 h - a potion of brilliance
 l - 5 potions of curing
 m - a potion of lignification


   Skills:
 + Level 4.0 Fighting
 + Level 4.1 Long Blades
 + Level 3.6 Armour
 + Level 1.2 Dodging
 + Level 0.2 Stealth
 + Level 3.2 Shields


You had 5 spell levels left.
You didn't know any spells.
Your spell library contained the following spells:

 Spells                   Type           Power      Damage    Failure   Level
 Ignite Poison            Fire/Alch      0%         N/A       100%        4
 Sticky Flame             Fire/Alch      0%         2d4       100%        4
 Ignition                 Fire           0%         3d3       100%        8


Dungeon Overview and Level Annotations

Branches:
Dungeon (5/15)             Temple (1/1) D:4

Altars:
Ashenzari
Cheibriados
Fedhas
Gozag
Hepliaklqana
Kikubaaqudgha
Nemelex Xobeh
Okawaru
Qazlal
Ru
Trog
Uskayaw
Vehumet
Wu Jian
Xom
Yredelemnul


Innate Abilities, Weirdness & Mutations

You have a somewhat thin skeletal structure. (Dex +2, Stealth+)
You have a small tail.


Message History

Unknown command.
You feel very sick. The orc hits you but does no damage.
Unknown command.
You feel very sick.
You hear some strange, mumbled words.
Something tries to affect you, but you resist.
You feel sick.
You feel sick.
The orc wizard attacks as it pursues you!
The orc wizard hits you but does no damage.
You hit the orc wizard.
The orc wizard is moderately wounded.
You feel sick. Something hits you but does no damage.
The orc wizard hits you but does no damage.
Something hits you. The orc misses you.
You hear some strange, mumbled words.
A magic dart appears from out of thin air!
The magic dart hits you.
You slash the orc!
You kill the orc!
Okawaru accepts your kill.
You feel less confused.
You feel sick.
The orc wizard hits you but does no damage.
Something hits you.
* * * LOW HITPOINT WARNING * * *
Something hits you but does no damage.
The orc wizard hits you but does no damage.
Your Fighting skill increases to level 4!
You slash something!
You behead something!
Okawaru accepts your kill.
Reactivating autopickup.
You feel a bit more experienced.
You feel sick.
An orc wizard appears from thin air!
The orc wizard casts a spell at you. The magic dart hits you!
* * * LOW HITPOINT WARNING * * *
The orc wizard barely misses you.
You die...

### ### ##.# #.# #.## #
#.## ##.# .. ..##
##..####)## .#
#...######)........# .#
#....#..oo@.###..## .##
#....#))..# ##..# ..#
##..##.)..# #### ..#
#.o###...# ..#
##..####..# ..## ###o...#
#..##### ...#
##...#..####..##.##
..(###...###..##.......##
o.......## ##..#........#


You could see 2 orc wizards.

Vanquished Creatures
  An ogre (D:5)
  A scorpion (D:4)
  A bombardier beetle (D:4)
  An orc wizard (D:5)
  Robin (D:2)
  An adder (D:4)
  A ribbon worm (D:2)
  2 dart slugs
  11 orcs
  2 bats (D:3)
  6 endoplasms
  8 goblins
  8 hobgoblins
  8 jackals (D:1)
  3 kobolds
  4 ball pythons
  2 frilled lizards
  2 rats
63 creatures vanquished.

Notes
Turn   | Place    | Note
-------+----------+-------------------------------------------
     0 | D:1      | Silvore the Demonspawn Fighter began the quest for the Orb.
     0 | D:1      | Reached XP level 1. HP: 18/18 MP: 1/1
   112 | D:1      | Gained mutation: You have a somewhat thin skeletal
                  | structure. (Dex +2, Stealth+) [demonic ancestry]
   112 | D:1      | Reached XP level 2. HP: 22/24 MP: 2/2
   798 | D:2      | Reached XP level 3. HP: 29/29 MP: 3/3
  1103 | D:2      | Noticed Robin
  1116 | D:2      | Killed Robin
  1628 | D:3      | Gained mutation: You have a small tail. [demonic ancestry]
  1628 | D:3      | Reached XP level 4. HP: 35/35 MP: 4/4
  2632 | D:4      | Found a staircase to the Ecumenical Temple.
  2662 | Temple   | Entered the Ecumenical Temple
  2673 | Temple   | Became a worshipper of Warmaster Okawaru
  2801 | D:4      | Found the +7 Throatcutter {drain, coup de grace}
  3010 | D:4      | Noticed a scorpion
  3014 | D:4      | Killed a scorpion
  3015 | D:4      | Reached skill level 1 in Dodging
  3015 | D:4      | Reached XP level 5. HP: 34/42 MP: 5/5
  3341 | D:5      | Entered Level 5 of the Dungeon
  3358 | D:5      | Noticed an ogre
  3360 | D:5      | Killed an ogre
  3360 | D:5      | Reached * piety under Okawaru
  3361 | D:5      | Reached XP level 6. HP: 48/48 MP: 6/6
  3445 | D:5      | HP: 1/48 [orc wizard/magic dart (9)]
  3446 | D:5      | Succumbed to an orc wizard's poison

Illustrated notes

Levels and vault maps discovered:
D:1:      lemuel_arrival_funnel, layout_loops_ring,
          chequers_serial_rivers_small_3
D:2:      layout_basic, nicolae_concentric_dashed_squares_mild,
          nrook_mini_vaults, minmay_misc_feat_enclosed, minmay_pentomino_s2,
          uniq_robin
D:3:      layout_basic
D:4:      layout_cave_pods, elyvilon_altar_5, minmay_temple_entry_mini_moons,
          minmay_misc_feat_room, minmay_door_square
D:5:      layout_layer_cave, mainiacjoe_overflow_catch_the_wave,
          hangedman_decor_peaks_small
Temple:   mainiacjoe_temple_bowtie_tessellation

Skill      XL: |  1  2  3  4  5  6 |
---------------+-------------------+-----
Long Blades    | 2 3 4 |  4.1
Shields        | 3 |  3.2
Armour         | 3 |  3.6
Dodging        | 1 |  1.2
Fighting       | 4 |  4.0
Stealth        | |  0.2

Action                     |  1- 3 |  4- 6 || total
---------------------------+-------+-------++-------
  Melee: Long sword        |   120 |    61 ||   181
         Tailslap          |       |     5 ||     5
    Use: Scroll            |     5 |     8 ||    13
         Potion            |     1 |       ||     1
 Armour: Scale mail        |   114 |    46 ||   160
  Dodge: Dodged            |    76 |    25 ||   101
  Block: Buckler           |    42 |    10 ||    52
